 Dungeon Crawl Stone Soup version 0.29-a0-416-g83a48905f1 (webtiles) character file.

Game seed: 5276486649318449831

114 Snarg the Insei (level 4, -10/25 HPs)
             Began as an Octopode Transmuter on May 17, 2022.
             Was a Believer of Hepliaklqana.
             Mangled by a gnoll
             ... wielding a +0 halberd
              (16 damage)
             ... on level 3 of the Dungeon.
             The game lasted 00:07:33 (2921 turns).

Snarg the Insei (Octopode Transmuter)               Turns: 2921, Time: 00:07:35

Health: -10/25     AC:  1    Str: 11    XL:     4   Next: 97%
Magic:  5/7        EV: 13    Int: 15    God:    Hepliaklqana [**....]
Gold:   98         SH:  0    Dex: 12    Spells: 4/7 levels left

rFire   . . .      SeeInvis .     - Unarmed
rCold   . . .      Faith    .   (no shield)
rNeg    . . .      Spirit   .   (helmet restricted)
rPois   .          Reflect  .   (no amulet)
rElec   .          Harm     .   e - ring of willpower
rCorr   +          Rampage  .   k - ring of resist corrosion
Will    +....                   (no ring)
Stlth   +++.......              (no ring)
HPRegen 0.08/turn               (no ring)
MPRegen 0.10/turn               (no ring)
                                (no ring)
                                (no ring)

@: no status effects
A: reduced essence, almost no armour, amphibious, 8 rings, camouflage 1,
gelatinous body 1, (nimble swimmer 1), tentacles
a: Renounce Religion, Recall Ancestor, Ancestor Identity


You were on level 3 of the Dungeon.
You worshipped Hepliaklqana.
Hepliaklqana was pleased with you.
You visited 1 branch of the dungeon, and saw 3 of its levels.

You collected 98 gold pieces.

Inventory:

Hand Weapons
 j - a +2 dagger of venom
Missiles
 h - 100 stones (quivered)
Jewellery
 e - a ring of willpower (left tentacle)
 k - a ring of resist corrosion (right tentacle)
Scrolls
 b - 7 scrolls of identify {unknown}
 d - a scroll of immolation {unknown}
 f - a scroll of torment {unknown}
 n - 2 scrolls of teleportation {unknown}
 o - 3 scrolls of acquirement {unknown}
 p - a scroll of poison {unknown}
 r - a scroll of fog {unknown}
 s - a scroll of silence {unknown}
Potions
 a - 2 potions of lignification
 c - 2 potions of might {unknown}
 g - 2 potions of heal wounds {unknown}
 i - a potion of curing {unknown}
 l - a potion of mutation {unknown}
 m - a potion of flight {unknown}
 q - 2 potions of attraction {unknown}


   Skills:
 + Level 1.2 Fighting
 + Level 2.7 Dodging
 + Level 3.2 Stealth
 + Level 3.8 Unarmed Combat
 - Level 2.0 Spellcasting
 + Level 2.9 Transmutations


You had 4 spell levels left.
You knew the following spells:

 Your Spells              Type           Power      Damage    Failure   Level
a - Beastly Appendage     Tmut           20%        N/A       7%          1
b - Wereblood             Tmut           10%        N/A       10%         2

Your spell library contained the following spells:

 Spells                   Type           Power      Damage    Failure   Level
 Passwall                 Tmut/Erth      4%         N/A       19%         2
 Sandblast                Erth           2%         2d4       22%         1
 Corpse Rot               Necr/Air       2%         N/A       32%         2
 Spider Form              Tmut/Pois      5%         N/A       36%         3
 Stone Arrow              Conj/Erth      2%         3d7       54%         3
 Ice Form                 Ice/Tmut       5%         N/A       77%         4
 Dispel Undead            Necr           1%         3d6       91%         4
 Death Channel            Necr           0%         N/A       100%        6


Dungeon Overview and Level Annotations

Branches:
Dungeon (3/15)

Altars:
Hepliaklqana

Shops:
D:1 (

Annotations:
D:1 clr
D:2 clr
D:3 1 runed translucent door


Innate Abilities, Weirdness & Mutations

Your life essence is reduced to manifest your ancestor. (-10% HP)
You cannot wear most types of armour.
You are amphibious.
You can wear up to eight rings at the same time.
Your skin changes colour to match your surroundings (Stealth+).
Your rubbery body absorbs attacks. (AC +1, EV +1)
((You are camouflaged when in or above water. (Stealth+)))
You have tentacles for arms and can constrict up to eight enemies at once.


Message History

You swap places.
You see here a frilled lizard corpse.
h - 104 stones (gained 20)
A gnoll comes into view. It is wielding a +0 club.
You throw a stone.
The stone hits the gnoll but does no damage.
The gnoll shouts!
You throw a stone. The stone barely misses the gnoll.
A gnoll comes into view. It is wielding a +0 halberd.
You throw a stone.
The stone hits the gnoll but does no damage.
A gnoll comes into view. It is wielding a +0 whip.
A gnoll comes into view. It is wielding a +0 club.
The gnoll moves out of view.
You throw a stone. Iltani avoids your attack.
The stone hits the gnoll but does no damage.
Iltani hits the gnoll with a +0 dagger of draining!
Iltani completely misses the gnoll.
Iltani is recalled.
Iltani casts a spell at the gnoll.
The gnoll resists with some effort.
The gnoll barely misses Iltani.
Iltani points at the gnoll and mumbles some strange words.
The gnoll appears confused.
Iltani hits the gnoll with a +0 dagger of draining.
Iltani drains the gnoll.
The gnoll dies!
Iltani casts a spell at the gnoll.
The gnoll appears confused.
The gnoll hits Iltani with a +0 club.
You swap places.
The gnoll hits you with a +0 club.
The gnoll hits you from afar with a +0 halberd!
Ouch! That really hurt!
* * * LOW HITPOINT WARNING * * *
You tentacle-slap the gnoll. You grab the gnoll.
The gnoll is moderately wounded.
You constrict the gnoll, but do no damage.
Iltani hits the gnoll with a +0 dagger of draining!
Iltani drains the gnoll.
The gnoll hits you from afar with a +0 halberd!
Ouch! That really hurt!
You die...

###########.....##
#.......#.......#
#.......#.....###
#.......#..#....#
#..........#....####
.........[ ###.....#
#.......#. #.......#
#.......# #...#.###
#.......# ####)@R.#
#.......# #.g..#
.######.#.....###g#...
.######.#.....# g....#
.##...........# .(.###
.##........... #...
.##.......... .((.
.##........# ##...
..'........#


You could see the friendly Iltani the hexer and 3 gnolls.

Vanquished Creatures
  Natasha (D:3)
  2 dart slugs (D:1)
  An orc (D:3)
  7 bats
  9 endoplasms
  5 goblins
  2 hobgoblins
  A jackal (D:3)
  5 kobolds
  3 quokkas
  6 ball pythons
  4 frilled lizards
  3 rats
49 creatures vanquished.

Vanquished Creatures (collateral kills)
  A gnoll (D:3)
  An adder (D:3)
  A worm (D:2)
  A bat (D:1)
  An endoplasm (D:3)
  A giant cockroach (D:3)
  2 jackals (D:3)
  A kobold (D:2)
  A quokka (D:2)
  A frilled lizard (D:2)
11 creatures vanquished.

Vanquished Creatures (others)
  A hexer (D:3)
  A plant (D:2)
  5 withered plants (D:1)
7 creatures vanquished.

Grand Total: 67 creatures vanquished

Notes
Turn   | Place    | Note
-------+----------+-------------------------------------------
     0 | D:1      | Snarg the Octopode Transmuter began the quest for the Orb.
     0 | D:1      | Reached XP level 1. HP: 13/13 MP: 3/3
   329 | D:1      | Reached XP level 2. HP: 18/18 MP: 3/5
   332 | D:1      | Learned a level 2 spell: Wereblood
   787 | D:1      | Reached XP level 3. HP: 22/23 MP: 4/6
   800 | D:1      | Found a faded altar of an unknown god.
   829 | D:1      | Prayed at the altar of an unknown god.
   829 | D:1      | Became a worshipper of Hepliaklqana the Forgotten
   829 | D:1      | Reached * piety under Hepliaklqana
  1019 | D:1      | Found Qyceku's Antique Weapon Shop.
  1175 | D:1      | Reached skill level 1 in Stealth
  2089 | D:2      | Reached ** piety under Hepliaklqana
  2090 | D:2      | Remembered your ancestor Iltani as a hexer
  2126 | D:2      | Identified the +6 ring mail of Vudacs {rPois Will+ Str+4}
  2171 | D:2      | Reached XP level 4. HP: 21/25 MP: 3/7
  2377 | D:3      | Noticed Natasha
  2385 | D:3      | Killed Natasha
  2738 | D:3      | Found a runed translucent door.
  2741 | D:3      | Noticed a bullfrog
  2921 | D:3      | Mangled by a gnoll

Illustrated notes

Levels and vault maps discovered:
D:1:      dpeg_arrival_another_circle, layout_loops_ring, serial_shops, shop,
          shapermc_ecumenical_altar_flowoftime, minmay_misc_feat_enclosed,
          minmay_misc_feat_square
D:2:      layout_rooms, serial_bayou_pond_b
D:3:      layout_basic, ebering_ghost_sewer_f, hangedman_decor_push,
          uniq_natasha, uniq_jessica

Skill      XL: |  1  2  3  4 |
---------------+-------------+-----
Stealth        | 1 3 |  3.2
Fighting       | |  1.2
Dodging        | |  2.7
Unarmed Combat | |  3.8
Spellcasting   | |  2.0
Transmutations | |  2.9

Action                   |  1- 3 |  4- 6 || total
-------------------------+-------+-------++-------
Melee: Unarmed           |   110 |    15 ||   125
       Kick              |    20 |     5 ||    25
       Constrict         |    29 |     6 ||    35
       Tentacles         |    17 |     4 ||    21
       Punch             |     5 |       ||     5
Throw: Stone             |       |     9 ||     9
 Cast: Beastly Appendage |    27 |     4 ||    31
       Wereblood         |     3 |     1 ||     4
Invok: Ancestor Life: He |     1 |       ||     1
       Recall Ancestor   |       |     1 ||     1
 Stab: Sleeping          |    11 |     1 ||    12
       Distracted        |       |     1 ||     1
Armor: Skin              |     9 |     1 ||    10
Dodge: Dodged            |    51 |    10 ||    61

Table legend: (Time is in decaauts)
 A = Elapsed time spent in this place.
 B = Non-inter-level travel time spent in this place.
 C = Inter-level travel time spent in this place.
 D = Time resting spent in this place.
 E = Time spent auto-exploring this place.
 F = Levels seen in this place.
 G = Mean time per level.
                   A        B        C        D        E       F      G
               +--------+--------+--------+--------+--------+-----+--------+
         Total |   2922 |   2788 |    134 |    560 |   1703 |   3 |  974.0 |
       Dungeon |   2922 |   2788 |    134 |    560 |   1703 |   3 |  974.0 |
               +--------+--------+--------+--------+--------+-----+--------+

Top non-repeatable levels by time:
     D:1: 1565 daAuts
     D:2: 751 daAuts
     D:3: 604 daAuts
